 Dungeon Crawl Stone Soup version 0.19-a0-376-gf780d9b (webtiles) character file.

1856 Loading the Cudgeler (level 9, 0/56 HPs)
             Began as a Gargoyle Fighter on May 30, 2016.
             Was a Follower of Hepliaklqana.
             Slain by an orc warrior
             ... wielding a +0 battleaxe
              (15 damage)
             ... on level 7 of the Dungeon.
             The game lasted 00:12:39 (5964 turns).

Loading the Cudgeler (Gargoyle Fighter)             Turns: 5964, Time: 00:12:39

Health: 0/56       AC: 21    Str: 19    XL:     9   Next: 13%
Magic:  9/9        EV:  4    Int: 10    God:    Hepliaklqana [*.....]
Gold:   283        SH: 11    Dex: 12    Spells: 0 memorised, 8 levels left

rFire  + . .     SeeInvis .     t - +2 flail (holy)
rCold  x . .     Gourm    .     h - +0 plate armour
rNeg   + . .     Faith    .     c - +1 shield
rPois  ∞         Spirit   .     w - +0 helmet
rElec  +         Dismiss  .     m - +0 cloak
rCorr  .         Reflect  .     (no gloves)
SustAt .         Harm     .     (no boots)
MR     .....                    (no amulet)
Stlth  ..........               x - ring of stealth
                                v - ring of fire

@: not resistant to hostile enchantments, extremely unstealthy
A: negative energy resistance 1, electricity resistance, unbreathing,
petrification resistance, rot immunity, AC +5
a: Recall Ancestor, Ancestor Identity, Renounce Religion


You were on level 7 of the Dungeon.
You worshipped Hepliaklqana.
Hepliaklqana was aware of your devotion.
You were not hungry.

You visited 2 branches of the dungeon, and saw 8 of its levels.

You collected 283 gold pieces.

Inventory:

Hand Weapons
 a - a +1 flail
 t - a +2 flail of holy wrath (weapon)
Armour
 b - a +0 scale mail
 c - a +1 shield (worn)
 h - a +0 plate armour (worn)
 m - a +0 cloak (worn)
 w - a +0 helmet (worn)
Jewellery
 v - a ring of fire (left hand)
 x - a ring of stealth (right hand)
Scrolls
 e - 2 scrolls of enchant armour
 g - a scroll of enchant weapon
 o - 2 scrolls of remove curse
 r - 2 scrolls of identify
 u - a scroll of teleportation
 y - a scroll of magic mapping {unknown}
 A - a scroll of amnesia
Potions
 d - a potion of might
 i - a potion of haste
 j - a potion of berserk rage
 k - a potion of invisibility
 l - a potion of curing
 p - 2 potions of cancellation {unknown}
 s - 2 potions of heal wounds {unknown}
Books
 z - Vehumet's Handbook of Confrontation
   (You found it on level 6 of the Dungeon)

   Spells                             Type                      Level
   a - Shock                          Conjuration/Air              1
Comestibles
 f - 4 bread rations
 n - 6 chunks of flesh
 q - a meat ration
 B - a royal jelly


   Skills:
 + Level 6.5 Fighting
 * Level 7.7 Maces & Flails
 + Level 6.5 Armour
 + Level 6.3 Shields


You had 8 spell levels left.
You didn't know any spells.

Dungeon Overview and Level Annotations

Branches:
Dungeon (7/15)             Temple (1/1) D:5

Altars:
Fedhas
Gozag
Hepliaklqana
Kikubaaqudgha
Makhleb
Okawaru
Pakellas
Qazlal
Ru
Sif Muna
Trog
Vehumet
Xom
Yredelemnul
Zin
Lugonu


Innate Abilities, Weirdness & Mutations

You are resistant to torment.
Your stone body is resilient (AC +5).
You are immune to poison.
You resist negative energy. (rN+)
You are resistant to electric shocks. (rElec)
You can survive without breathing.
You are immune to petrification.
You are immune to rotting.


Message History

An orc warrior and an orc wizard come into view.
The orc wizard shouts!
The orc wizard miscasts a cantrip.
The orc priest invokes the aid of Beogh against you.
Beogh smites you! You block the orc priest's attack.
You hit the orc priest but do no damage.
The orc priest mumbles some strange prayers to Beogh against you.
Pain shoots through your body!
Your plate armour prevents you from hitting the orc priest.
The orc priest invokes the aid of Beogh against you.
Beogh smites you!
Spork hits the orc priest.
You block the orc warrior's attack.
The orc priest invokes the aid of Beogh against you.
Beogh smites you!
* * * LOW HITPOINT WARNING * * *
You sock the orc priest!
You kill the orc priest!
The orc warrior hits you with a battleaxe!
You die...

#...............########+##
##.#............#
#..#...........#
#..####........# ##.##
##.......# #..# ##......#
#..## ##.....#
##..#####oo...#
#......@oo...#
#.......R#....# #...###..##
...# #..## #...# .... ..##
##..# ... ..# #..# .. #.
#... . #....


You could see an orc warrior, an orc priest, an orc wizard, an orc and the
friendly Spork the ancestor.

Vanquished Creatures
  Grinder (D:5)
  Edmund (D:6)
  2 sky beasts
  A centaur (D:5)
  An ogre (D:5)
  4 scorpions
  A howler monkey (D:4)
  2 crimson imps
  2 hounds
  2 orc priests
  A giant frog skeleton (D:4)
  An iguana (D:5)
  9 orc wizards
  4 worker ants
  A worker ant zombie (D:6)
  6 gnolls
  A howler monkey skeleton (D:4)
  12 adders
  2 shadow imps (D:5)
  An ooze (D:2)
  An adder skeleton (D:4)
  2 worms
  A dart slug (D:2)
  A giant gecko (D:1)
  21 orcs
  3 ball pythons
  6 giant cockroaches
  7 goblins
  5 hobgoblins
  11 jackals
  7 quokkas
  8 bats
  10 giant newts
  10 kobolds
  15 rats
163 creatures vanquished.

Vanquished Creatures (collateral kills)
  A giant frog (D:6)
  A hound (D:7)
  A worker ant (D:7)
  An adder (D:5)
  2 orcs (D:6)
6 creatures vanquished.

Vanquished Creatures (others)
  An orc wizard (D:6)
1 creature vanquished.

Grand Total: 170 creatures vanquished

Notes
Turn   | Place    | Note
--------------------------------------------------------------
     0 | D:1      | Loading the Gargoyle Fighter began the quest for the Orb.
     0 | D:1      | Reached XP level 1. HP: 14/14 MP: 1/1
    93 | D:1      | Reached XP level 2. HP: 12/19 MP: 2/2
   589 | D:2      | Reached XP level 3. HP: 23/23 MP: 3/3
  1113 | D:2      | Reached skill level 3 in Maces & Flails
  1170 | D:2      | Reached XP level 4. HP: 5/29 MP: 4/4
  1965 | D:2      | Found a blossoming altar of Fedhas.
  2059 | D:2      | Reached XP level 5. HP: 33/33 MP: 5/5
  2506 | D:3      | Reached skill level 4 in Maces & Flails
  2797 | D:3      | Reached XP level 6. HP: 38/38 MP: 6/6
  3781 | D:5      | Entered Level 5 of the Dungeon
  3796 | D:5      | Reached skill level 5 in Maces & Flails
  3796 | D:5      | Reached XP level 7. HP: 39/44 MP: 7/7
  3803 | D:5      | Reached skill level 5 in Fighting
  4184 | D:5      | Reached skill level 5 in Armour
  4364 | D:5      | Reached skill level 5 in Shields
  4429 | D:5      | Reached XP level 8. HP: 36/50 MP: 8/8
  4430 | D:5      | Reached skill level 6 in Maces & Flails
  4556 | D:5      | Noticed Grinder
  4556 | D:5      | Paralysed by Grinder for 4 turns
  4567 | D:5      | Paralysed by Grinder for 7 turns
  4575 | D:5      | Killed Grinder
  4693 | D:5      | Found a staircase to the Ecumenical Temple.
  4702 | Temple   | Entered the Ecumenical Temple
  4736 | Temple   | Became a worshipper of Hepliaklqana
  4944 | D:6      | Noticed Edmund
  5037 | D:6      | Killed Edmund
  5204 | D:6      | Reached skill level 7 in Maces & Flails
  5379 | D:6      | Reached XP level 9. HP: 33/56 MP: 9/9
  5384 | D:6      | Found an ancient bone altar of Kikubaaqudgha.
  5384 | D:6      | Reached * piety under Hepliaklqana
  5398 | D:6      | Found a deep blue altar of Sif Muna.
  5408 | D:6      | Found a radiant altar of Vehumet.
  5413 | D:6      | Identified Vehumet's Handbook of Confrontation
  5817 | D:6      | Noticed a green death
  5818 | D:6      | Found a burning altar of Makhleb.
  5821 | D:6      | Found a glowing silver altar of Zin.
  5821 | D:6      | Noticed an angel
  5964 | D:7      | Slain by an orc warrior

Vault maps used:
D:1:      dpeg_arrival_ratfight, minmay_misc_feat_enclosed
D:2:      wad_woods_tower, lemuel_coloured_pillars_altar, first_bread,
          st_stairs_3
D:5:      minmay_temple_entry_enclosed_plants, wad_floor_pattern_untrapped,
          minmay_misc_feat_iff, uniq_grinder
D:6:      palyth_temple_overflow_mages, grunt_temple_overflow_order_and_chaos_2,
          uniq_edmund
D:7:      lemuel_insect_pit
Temple:   corrupted_temple

Skill      XL: |  1  2  3  4  5  6  7  8 |
---------------+-------------------------+-----
Maces & Flails | 3 4 5 7 |  7.7
Armour         | 4 5 6 |  6.5
Fighting       | 4 5 6 |  6.5
Shields        | 4 5 6 |  6.3

Action                   |  1- 3 |  4- 6 |  7- 9 || total
-------------------------+-------+-------+-------++-------
Melee: Flail             |   180 |   309 |   250 ||   739
  Use: Scroll            |       |     8 |     5 ||    13
       Potion            |       |       |     4 ||     4
 Stab: Distracted        |       |       |     1 ||     1
  Eat: Chunk             |     1 |     8 |     6 ||    15
       Fruit             |       |     2 |       ||     2
       Beef jerky        |       |       |     1 ||     1
Armor: Scale mail        |    11 |       |       ||    11
       Plate armour      |   110 |   274 |   192 ||   576
Dodge: Dodged            |    30 |    46 |    25 ||   101
Block: Shield            |   105 |   206 |   143 ||   454
